 Dungeon Crawl Stone Soup version 0.17.0-23-g0de4337 (webtiles) character file.

126 radek the Digger (level 5, -1/28 HPs)
             Began as a Gargoyle Earth Elementalist on Nov 13, 2015.
             Killed by divine providence
             ... invoked by an orc priest
              (14 damage)
             ... on level 3 of the Dungeon.
             The game lasted 00:10:16 (3229 turns).

radek the Digger (Gargoyle Earth Elementalist)      Turns: 3229, Time: 00:10:17

Health: -1/28      AC:  7    Str: 12    XL:     5   Next: 10%
Magic:  0/9        EV: 12    Int: 16    God:
Gold:   70         SH:  0    Dex: 10    Spells: 3 memorised, 1 level left

rFire  . . .     SeeInvis .     n - +3 mace
rCold  . . .     Clarity  .     e - +0 robe
rNeg   + . .     SustAt   .     (no shield)
rPois  ∞         Gourm    .     (no helmet)
rElec  +         Spirit   .     (no cloak)
rCorr  .         Warding  .     q - +0 pair of gloves
rMut   .         Stasis   .     (no boots)
MR     .....                    (no amulet)
Stlth  ++........               (no ring)
                                (no ring)

@: very slightly contaminated, not resistant to hostile enchantments, unstealthy
A: negative energy resistance 1, electricity resistance, unbreathing,
petrification resistance, rot immunity, AC +4
a: no special abilities


You were on level 3 of the Dungeon.
You were not hungry.

You visited 1 branch of the dungeon, and saw 3 of its levels.

You collected 70 gold pieces.

Inventory:

Hand Weapons
 i - a +0 dagger
 k - a +0 short sword
 l - a +0 whip
 n - a +3 mace (weapon)
Missiles
 b - 52 stones (quivered)
 p - 5 javelins
Armour
 a - a +0 robe
 e - a +0 robe (worn)
 q - a +0 pair of gloves (worn)
Jewellery
 m - an uncursed amulet of resist mutation {unknown}
Scrolls
 f - 2 scrolls of teleportation {unknown}
 g - a scroll of fog {unknown}
 j - a scroll of remove curse {unknown}
 o - a scroll of enchant armour {unknown}
 r - a scroll of enchant weapon {unknown}
 s - 4 scrolls of identify {unknown}
 t - 2 scrolls of blinking {unknown}
Potions
 h - a potion of heal wounds {unknown}
Books
 c - a book of Geomancy

   Spells                             Type                      Level
   a - Sandblast                      Earth                        1
   b - Stoneskin                      Transmutation/Earth          2
   c - Passwall                       Transmutation/Earth          3
   d - Stone Arrow                    Conjuration/Earth            3
   e - Petrify                        Transmutation/Earth          4
   f - Lee's Rapid Deconstruction     Earth                        5
Comestibles
 d - 3 bread rations
 u - 2 fruits


   Skills:
 - Level 1.5 Dodging
 - Level 2.8 Stealth
 + Level 3.0 Spellcasting
 + Level 2.5 Conjurations
   Level 0.7 Transmutations
 * Level 4.6 Earth Magic


You had one spell level left.
You knew the following spells:

 Your Spells              Type           Power        Failure   Level  Hunger
a - Sandblast             Erth           ###...       3%          1    #......
b - Stone Arrow           Conj/Erth      ##....       14%         3    ###....
c - Lee's Rapid Deconstr  Erth           ###.......   85%         5    ######.


Dungeon Overview and Level Annotations

Branches:
Dungeon (3/15)

Altars:
Makhleb
Vehumet


Innate Abilities, Weirdness & Mutations

You are resistant to torment.
Your stone body is resilient (AC +4).
You are immune to poison.
You resist negative energy.
You are resistant to electric shocks.
You can survive without breathing.
You are immune to petrification.
You are immune to rotting.


Message History

All of the chunks of flesh in your inventory have rotted away.
You hit the hobgoblin.
You kill the hobgoblin!
You barely miss the orc priest.
The orc priest is almost dead.
The orc priest invokes the aid of Beogh against you.
Something smites you!
The orc priest miscasts a cantrip.
Casting: Stone Arrow
Confirm with . or Enter, or press ? or * to list all spells.
Aiming: Sandblast
Press: ? - help, Shift-Dir - straight line, f/p - orc priest
Aim: an orc priest, wearing a chain mail (almost dead)
The blast of sand hits the orc priest.
The orc priest is almost dead.
The orc priest hits you.
The orc priest calls down the wrath of Beogh upon you.
Something smites you!
Ouch! That really hurt!
You die...

... #.# #.# #.#
#### ## #.# #.. ..
#.# #.####.##
####.#####.......#
#...@.o..<....#
#.#####.##[##.#
#.##......
#.##.###.o..
#.##.# .#.##
#.##.. %..# ..####
.## ### .#


You could see an orc priest.

Vanquished Creatures
  2 orc wizards
  3 adders (D:2)
  2 worms (D:2)
  2 orcs (D:2)
  4 bats
  4 giant cockroaches
  4 goblins
  5 hobgoblins
  4 kobolds
  2 ball pythons
  A giant gecko (D:2)
  3 giant newts
  2 jackals (D:1)
  4 rats
42 creatures vanquished.

Notes
Turn   | Place    | Note
--------------------------------------------------------------
     0 | D:1      | radek the Gargoyle Earth Elementalist began the quest for the Orb.
     0 | D:1      | Reached XP level 1. HP: 10/10 MP: 3/3
   325 | D:1      | Reached XP level 2. HP: 15/15 MP: 5/5
   869 | D:1      | You fall through a shaft!
  1122 | D:2      | Reached skill level 4 in Earth Magic
  1122 | D:2      | Reached XP level 3. HP: 13/19 MP: 6/6
  1225 | D:2      | Learned a level 3 spell: Stone Arrow
  1294 | D:2      | Found a faded altar to an unknown god.
  1789 | D:2      | Reached skill level 1 in Conjurations
  1979 | D:2      | Reached XP level 4. HP: 24/24 MP: 8/8
  2544 | D:2      | Found a radiant altar of Vehumet.
  2546 | D:2      | Found a burning altar of Makhleb.
  3106 | D:3      | Reached XP level 5. HP: 19/28 MP: 5/9
  3213 | D:2      | Learned a level 5 spell: Lee's Rapid Deconstruction
  3229 | D:3      | Killed from afar by an orc priest

Action                   |  1- 3 |  4- 6 || total
-------------------------+-------+-------++-------
Melee: Unarmed           |    18 |       ||    18
       Whip              |    37 |       ||    37
       Dagger            |     5 |       ||     5
       Mace              |    59 |    28 ||    87
 Cast: Sandblast         |     5 |     1 ||     6
       Stone Arrow       |       |     7 ||     7
 Stab: Sleeping          |     4 |       ||     4
  Eat: Chunk             |     3 |     5 ||     8
